 Dungeon Crawl Stone Soup version 0.27.0 (webtiles) character file.

Game seed: 16280675085766767435

1899 backslashecho the Cleaver (level 8, 0/57 (71) HPs)
             Began as a Minotaur Fighter on July 31, 2021.
             Was a Believer of Okawaru.
             Killed by vampiric draining
             ... invoked by a vampire
              (15 damage)
             ... on level 7 of the Dungeon.
             The game lasted 00:07:26 (7412 turns).

backslashecho the Cleaver (Minotaur Fighter)        Turns: 7412, Time: 00:07:27

HP:   0/57 (71)     AC: 15    Str: 28    XL:     8   Next: 93%
MP:   8/9           EV: 10    Int:  5    God:    Okawaru [**....]
Gold: 312           SH: 13    Dex: 11    Spells: 7/7 levels left

rFire    + . .     SeeInvis .   a - +0 war axe
rCold    . . .     Faith    .   c - +0 kite shield
rNeg     . . .     Spirit   .   A - +2 chain mail {Will+}
rPois    .         Reflect  .   (helmet restricted)
rElec    .         Harm     .   (no cloak)
rCorr    .         Rampage  .   (no gloves)
Will     +....                  H - +0 pair of boots
Stlth    ..........             (no amulet)
HPRegen  0.19/turn              h - +6 ring of strength
MPRegen  0.11/turn              o - ring of protection from fire

@: heroic, heavily drained
A: horns 2, retaliatory headbutt
a: Renounce Religion, Heroism


You were on level 7 of the Dungeon.
You worshipped Okawaru.
Okawaru was pleased with you.
You visited 2 branches of the dungeon, and saw 8 of its levels.

You collected 312 gold pieces.

Inventory:

Hand Weapons
 a - a +0 war axe (weapon)
Missiles
 b - 8 poisoned darts (quivered)
Armour
 c - a +0 kite shield (worn)
 A - a +2 chain mail of willpower (worn)
 H - a +0 pair of boots (worn)
Jewellery
 h - a +6 ring of strength (left hand)
 o - a ring of protection from fire (right hand)
 y - a ring of resist corrosion
 C - a ring of see invisible
Wands
 x - a wand of flame (29)
 D - a wand of polymorph (8)
Scrolls
 e - a scroll of enchant weapon {unknown}
 g - a scroll of holy word {unknown}
 j - 3 scrolls of immolation {unknown}
 l - 2 scrolls of summoning {unknown}
 n - a scroll of teleportation {unknown}
 p - a scroll of brand weapon {unknown}
 s - 2 scrolls of amnesia {unknown}
 v - 4 scrolls of identify {unknown}
 B - 3 scrolls of fear {unknown}
 E - a scroll of noise {unknown}
 F - a scroll of enchant armour {unknown}
Potions
 d - a potion of might
 f - 4 potions of flight {unknown}
 i - 3 potions of curing {unknown}
 k - 4 potions of lignification {unknown}
 m - a potion of haste {unknown}
 r - a potion of brilliance {unknown}
 t - a potion of magic {unknown}
 u - a potion of ambrosia {unknown}
 w - 2 potions of invisibility {unknown}
 z - 3 potions of degeneration {unknown}
 G - a potion of berserk rage {unknown}


   Skills:
 + Level 6.9(11.9) Fighting
 * Level 8.6(13.6) Axes
 + Level 6.9(11.9) Armour
 + Level 6.8(11.8) Shields
 + Level 3.7 Invocations


You had 7 spell levels left.
You didn't know any spells.
Your spell library contained the following spells:

 Spells                   Type           Power      Damage    Failure   Level
 Corona                   Hex            0%         N/A       97%         1
 Freeze                   Ice            0%         1d3       97%         1
 Summon Small Mammal      Summ           0%         N/A       97%         1
 Blink                    Tloc           N/A        N/A       99%         2
 Passwall                 Tmut/Erth      0%         N/A       99%         2
 Slow                     Hex            0%         N/A       99%         2
 Call Canine Familiar     Summ           0%         N/A       100%        3
 Confusing Touch          Hex            0%         N/A       100%        3
 Frozen Ramparts          Ice            0%         1d2       100%        3
 Inner Flame              Hex/Fire       0%         N/A       100%        3
 Summon Guardian Golem    Hex/Summ       0%         N/A       100%        3
 Swiftness                Air            0%         N/A       100%        3
 Vampiric Draining        Necr           0%         2d6       100%        3
 Hailstorm                Conj/Ice       0%         3d3       100%        4
 Manifold Assault         Tloc           0%         N/A       100%        5
 Metabolic Englaciation   Hex/Ice        0%         N/A       100%        5
 Invisibility             Hex            0%         N/A       100%        6
 Storm Form               Tmut/Air       0%         N/A       100%        7


Dungeon Overview and Level Annotations

Branches:
Dungeon (7/15)             Temple (1/1) D:6

Altars:
Cheibriados
Dithmenos
Hepliaklqana
Kikubaaqudgha
Okawaru
Ru
Trog
Vehumet
Wu Jian
Yredelemnul

Shops:
D:3 (


Innate Abilities, Weirdness & Mutations

You have a pair of horns on your head.
You reflexively headbutt those who attack you in melee.


Message History

You closely miss something. You headbutt something. Something hits you.
You feel drained. Something bites you.
Something draws strength from your injuries!
You take 5 damage, and have 57/68 hp.
No target in view!
No target in view!
You closely miss something. You headbutt something!
Something hits you but does no damage.
You feel drained. Something bites you but does no damage. Something hits you!
You feel drained. Something bites you.
Something draws strength from your injuries!
You take 14 damage, and have 43/65 hp.
MASSIVE DAMAGE!!
You gain the combat prowess of a mighty hero.
Something hits you but does no damage.
You feel drained. Something bites you but does no damage.
You now have 7/9 mp.
You slash something! Your headbutt misses something.
Something hits you but does no damage.
You feel drained. Something bites you.
Something draws strength from your injuries!
You take 5 damage, and have 39/63 hp.
You barely miss something. Something hits you.
You feel drained. Something bites you but does no damage.
You take 3 damage, and have 36/61 hp.
You hit something but do no damage. You headbutt something.
You slash something! Something hits you!
You feel drained. Something bites you but does no damage.
You take 15 damage, and have 21/59 hp.
MASSIVE DAMAGE!!
You miss something. You headbutt something.
Something hits you but does no damage.
You feel drained. You block something's attack.
You barely miss something. You block something's attack. x2
You barely miss something. Something hits you but does no damage.
You feel drained. Something bites you!
* * * LOW HITPOINT WARNING * * *
Something draws strength from your injuries!
You take 6 damage, and have 15/57 hp.
You hear some strange, mumbled words.
Something tries to affect you, but you resist.
Something draws life force from you!
You die...

#.>....#####...#####..'......
#...####...........#..#######
#...##.#._§§§#§.§_!#..#......
#...##.#..§§§§§§§..#..#....##
#...##.#####§§§#####..#....#.
##<###.#.###§§§# ####....#.
#.....#...#§§§# #....#.
#.#####.###{§§# #....#.
###.###...# #@§§########....#.
#.......### #§§§##..)..#....#.
#.......# ##§§§##..........#.
#......#####§§§§§#.....##...#.
#..........§§.§§..............
#......#.....#...#.....#######
#......##.####.#.#.....##### #
#......##...[..#.#.........# #
#......#########.#.........# #


There were no monsters in sight!

Vanquished Creatures
  Grinder (D:6)
  Duvessa (D:4)
  2 orc warriors (D:7)
  An ogre (D:4)
  A necrophage (D:6)
  Blork the orc (D:4)
  A wyvern zombie (D:6)
  A gnoll sergeant (D:5)
  A scorpion (D:6)
  2 water moccasin zombies
  Dowan (D:4)
  2 bullfrog zombies
  An orc priest (D:3)
  7 hounds
  A centaur skeleton (D:7)
  Natasha (thrice) (D:2)
  2 iguanas
  Ijyb (D:5)
  An orc wizard (D:5)
  A scorpion zombie (D:5)
  A killer bee zombie (D:7)
  5 gnolls (D:5)
  A howler monkey skeleton (D:7)
  6 adders
  A shadow imp (D:7)
  A white imp (D:7)
  2 worms (D:2)
  2 dart slugs
  20 orcs
  3 ball pythons
  5 endoplasms
  9 giant cockroaches
  6 goblins
  3 hobgoblins
  8 jackals
  5 quokkas
  5 bats
  2 frilled lizards (D:1)
  4 kobolds
  5 rats
126 creatures vanquished.

Notes
Turn   | Place    | Note
-------+----------+-------------------------------------------
     0 | D:1      | backslashecho the Minotaur Fighter began the quest for the
                  | Orb.
     0 | D:1      | Reached XP level 1. HP: 19/19 MP: 0/0
   139 | D:1      | Found a faded altar of an unknown god.
   145 | D:1      | Reached XP level 2. HP: 27/27 MP: 1/1
   334 | D:1      | Reached skill level 3 in Axes
   883 | D:2      | Reached XP level 3. HP: 29/33 MP: 2/2
  1107 | D:2      | Reached XP level 4. HP: 40/40 MP: 3/3
  1286 | D:2      | Found an ancient bone altar of Kikubaaqudgha.
  1354 | D:2      | Reached skill level 4 in Axes
  1437 | D:2      | Noticed Natasha
  1454 | D:2      | Killed Natasha
  1811 | D:2      | Noticed Natasha
  1814 | D:2      | Killed Natasha
  1855 | D:2      | Noticed Natasha
  1860 | D:2      | Killed Natasha
  1861 | D:2      | Reached XP level 5. HP: 47/47 MP: 4/4
  2235 | D:3      | Got the Guide on the Congealing Oath
  2539 | D:3      | Found an iron altar of Okawaru.
  2551 | D:3      | Became a worshipper of Warmaster Okawaru
  2575 | D:3      | Found Oraixkoume's Weapon Emporium.
  3027 | D:3      | Reached skill level 5 in Axes
  3343 | D:4      | Found a radiant altar of Vehumet.
  3472 | D:4      | Noticed Duvessa
  3474 | D:4      | Noticed Dowan
  3482 | D:4      | Killed Duvessa
  3483 | D:4      | Reached skill level 5 in Fighting
  3483 | D:4      | Reached skill level 5 in Armour
  3483 | D:4      | Reached skill level 5 in Shields
  3483 | D:4      | Reached skill level 1 in Invocations
  3483 | D:4      | Reached XP level 6. HP: 29/56 MP: 5/5
  3483 | D:4      | Killed Dowan
  4026 | D:4      | Reached * piety under Okawaru
  4027 | D:4      | Reached skill level 6 in Axes
  4027 | D:4      | Reached XP level 7. HP: 61/61 MP: 7/7
  4051 | D:4      | Noticed Blork the orc
  4060 | D:4      | Killed Blork the orc
  4332 | D:5      | Entered Level 5 of the Dungeon
  4620 | D:5      | Noticed Ijyb
  4632 | D:5      | Killed Ijyb
  4676 | D:5      | Found a shadowy altar of Dithmenos.
  4844 | D:5      | Found a snail-covered altar of Cheibriados.
  5440 | D:6      | Reached skill level 7 in Axes
  5440 | D:6      | Reached XP level 8. HP: 70/70 MP: 8/8
  5958 | D:6      | Found an ornate altar of the Wu Jian Council.
  6109 | D:6      | Found a staircase to the Ecumenical Temple.
  6236 | Temple   | Entered the Ecumenical Temple
  6257 | D:6      | Noticed Grinder
  6270 | D:6      | Killed Grinder
  6441 | D:6      | Found a bloodstained altar of Trog.
  6615 | D:7      | Reached skill level 8 in Axes
  6631 | D:7      | Found a sacrificial altar of Ru.
  6740 | D:7      | Found a basalt altar of Yredelemnul.
  6762 | D:7      | Reached ** piety under Okawaru
  7390 | D:7      | Found a hazy altar of Hepliaklqana.
  7392 | D:7      | Found a faded altar of an unknown god.
  7412 | D:7      | Killed from afar by a vampire

Illustrated notes

Levels and vault maps discovered:
D:1:      erik_arrival_cave_to_civilisation [erik_arrival_cave_to_hall],
          layout_loops_ring, dreamdust_ecumenical_altar_statues
D:2:      layout_basic, basic_altar, uniq_natasha
D:3:      layout_basic, mainiacjoe_overflow_concentric_impassable, serial_shops,
          shop, kennysheep_small_spiral, kennysheep_generic_room_2
D:4:      layout_basic, vehumet_altar_wand_db, st_stairs_3, uniq_duvessa,
          uniq_blork_the_orc
D:5:      layout_basic, mainiacjoe_overflow_surrounded_room,
          nicolae_dithmenos_the_darkroom, uniq_ijyb
D:6:      layout_layer_cave, kennysheep_mini_moat, nzn_wu_jian_contemplation,
          minmay_temple_entry_overgrown, uniq_grinder
D:7:      layout_basic, mainiacjoe_overflow_24_doors,
          beargit_hepliaklqana_dungeon_heroes, nicolae_ru_sacrificial_ziggurat
Temple:   jpeg_temple_clearing

Skill      XL: |  1  2  3  4  5  6  7  8 |
---------------+-------------------------+-----
Axes           | 3 4 5 6 7 8 |  8.6
Fighting       | 4 5 6 |  6.9
Armour         | 4 5 6 |  6.9
Shields        | 4 5 6 |  6.8
Invocations    | 1 2 3 |  3.7

Action                   |  1- 3 |  4- 6 |  7- 9 || total
-------------------------+-------+-------+-------++-------
Melee: War axe           |    53 |   120 |   139 ||   312
       Headbutt          |     8 |    14 |    34 ||    56
Invok: Heroism           |       |       |     2 ||     2
  Use: Potion            |       |     1 |       ||     1
Armor: Scale mail        |    21 |    29 |       ||    50
       Chain mail        |       |    16 |    87 ||   103
Dodge: Dodged            |    16 |    37 |    35 ||    88
Block: Kite shield       |    31 |    72 |    99 ||   202
